AoeStats
← [B$] kaeffer

Fortress

509933838Analyzed
2v2 RM · 4d ago on Sep 28, 2026· 39m 11s· 4 players
Game mode
Random Map
Map size
Normal (6 player)
Population
200
Speed
Normal
Resources
Standard
Victory
Conquest
Starting age
Dark Age
Ending age
Imperial Age
RankedLock teamsTeams togetherTeam positionsShared explorationLock speedFull tech treeHidden civsTurbo modeCheats
Victory
Defeat
🇵🇰 Mongols · Pakistan
1227
+15
🇨🇦 Persians · Canada
1167
+17
🇩🇪 Britons · Germany
1207
-16
🇩🇪 Teutons · Germany
1204
-16
Falke
8:38 Feudal Age
12:25 Castle Age
10:27 Double-Bit Axe
10:46 Horse Collar
13:22 Bow Saw
14:02 Fletching
16:24 Heavy Plow
17:20 Gold Mining
18:22 Wheelbarrow
18:01 Loom
20:02 Hand Cart
22:02 Ballistics
21:46 Bodkin Arrow
21:51 Padded Archer Armor
23:44 Fortified Wall
28:37 Imperial Age
26:01 Pikeman
26:44 Scale Mail Armor
29:14 Caravan
32:05 Murder Holes
33:11 Chemistry
35:23 Halberdier
37:16 Chain Mail Armor
37:02 Bracer
38:43 Yeomen
38:44 Conscription
[B$] kaeffer
6:17 Loom
8:04 Feudal Age
9:52 Double-Bit Axe
12:11 Castle Age
10:19 Horse Collar
14:27 Heavy Plow
17:43 Bow Saw
20:34 Gold Mining
21:48 Fletching
21:58 Padded Archer Armor
22:44 Stone Mining
23:20 Ballistics
22:39 Elite Skirmisher
24:08 Bodkin Arrow
25:10 Wheelbarrow
29:09 Imperial Age
26:55 Hand Cart
26:28 Town Watch
27:45 Forging
27:41 Scale Barding Armor
27:52 Leather Archer Armor
27:45 Scale Barding Armor
27:51 Forging
27:44 Squires
27:48 Pikeman
28:14 Gambesons
28:16 Arson
28:35 Scale Mail Armor
29:30 Caravan
29:55 Bloodlines
29:16 Cavalier
30:19 Chain Barding Armor
31:15 Two-Man Saw
33:55 Town Patrol
Nhitty
6:43 Feudal Age
10:42 Castle Age
9:08 Double-Bit Axe
9:18 Horse Collar
17:20 Bow Saw
18:18 Wheelbarrow
19:18 Hand Cart
20:19 Loom
20:59 Town Watch
24:24 Imperial Age
22:52 Scale Barding Armor
22:58 Forging
23:22 Town Patrol
23:38 Bloodlines
23:29 Husbandry
24:10 Chain Barding Armor
23:59 Gold Mining
24:13 Heavy Plow
24:28 Cavalier
25:51 Gold Shaft Mining
26:57 Crop Rotation
27:57 Chemistry
28:43 Plate Barding Armor
28:54 Savar
32:49 Iron Casting
35:06 Blast Furnace
34:49 Conscription
35:32 Two-Man Saw
NSN WAJID
2:51 Loom
9:53 Feudal Age
10:55 Horse Collar
11:10 Double-Bit Axe
13:41 Castle Age
12:43 Gold Mining
13:33 Wheelbarrow
20:03 Forging
20:14 Bow Saw
20:31 Fletching
20:41 Padded Archer Armor
22:06 Husbandry
23:51 Bodkin Arrow
24:11 Leather Archer Armor
24:56 Bloodlines
27:15 Scale Barding Armor
29:24 Hand Cart
34:39 Imperial Age
35:42 Conscription
35:01 Elite Steppe Lancer
35:02 Heavy Camel Rider
36:31 Capped Ram
36:35 Heavy Scorpion
Connection lost

Rejoining the realm…

Still unreachable

The connection could not be restored.

Session expired

The server has moved on; the page needs a fresh start.